 Dungeon Crawl Stone Soup version 0.30-a0-137-gd8773701ce (webtiles) character file.

Game seed: 1766186829764866583

97836 scionoferis the Severer (level 16, -4/149 HPs)
             Began as a Hill Orc Monk on Sept 23, 2022.
             Was the Champion of Beogh.
             Slain by a spriggan berserker
             ... wielding a +0 war axe
              (19 damage)
             ... on level 1 of the Swamp.
             The game lasted 02:28:28 (26754 turns).

scionoferis the Severer (Hill Orc Monk)            Turns: 26754, Time: 02:28:29

Health: -4/149     AC: 36    Str: 24    XL:     16   Next: 20%
Magic:  25/25      EV: 14    Int: 10    God:    Beogh [******]
Gold:   1829       SH:  5    Dex: 13    Spells: 14/15 levels left

rFire   + . .      SeeInvis .    a - +2 war axe (freeze)
rCold   + . .      Faith    .    j - +0 buckler
rNeg    . . .      Spirit   .    h - +14 plate armour of Awafav {Fly}
rPois   +          Reflect  .    z - +1 hat of Baldness {rElec rCorr}
rElec   +          Harm     .    e - scarf {rC+ rF+}
rCorr   +          Rampage  .    p - +2 pair of gloves "Uqyul" {Str+2}
Will    +....                    A - +0 pair of boots
Stlth   ..........               m - amulet of regeneration
HPRegen 1.14/turn                d - ring of poison resistance
MPRegen 0.19/turn                y - +4 ring of evasion

@: flying
A: walk on water
a: Renounce Religion, Smiting, Recall Orcish Followers, Give Item to Named
Follower, Resurrection


You were on level 1 of the Swamp.
You worshipped Beogh.
Beogh was exalted by your worship.
You visited 5 branches of the dungeon, and saw 25 of its levels.
You also visited: Sewer, Gauntlet and Ice Cave.

You collected 2489 gold pieces.
You spent 660 gold pieces at shops.

Inventory:

Hand Weapons
 a - a +2 war axe of freezing (weapon)
 b - a +0 war axe of flaming
Missiles
 q - 52 poisoned darts
 s - 9 javelins
 x - 7 boomerangs (quivered)
 C - 12 silver javelins
Armour
 e - a scarf of resistance (worn)
 h - the +14 plate armour of Awafav (worn) {Fly}
   (You acquired it in a Gauntlet)

   Fly:       It grants you flight.
 j - a +0 buckler (worn)
 p - the +2 pair of gloves "Uqyul" (worn) {Str+2}
   (You found it on level 6 of the Dungeon)

   Str:       It affects your strength (+2).
 z - the +1 hat of Baldness (worn) {rElec rCorr}
   (You found it in an ice cave)

   rElec:     It insulates you from electricity.
   rCorr:     It protects you from acid and corrosion.
 A - a +0 pair of boots (worn)
Jewellery
 c - a ring of see invisible
 d - a ring of poison resistance (left hand)
 m - an amulet of regeneration (around neck)
 r - the ring "Puyracw" {*Corrode rF+ rC++ Will+ Stlth+}
   (You found it in a Gauntlet)

   [ring of protection from fire]

   rF:        It protects you from fire.
   rC:        It greatly protects you from cold.
   *Corrode:  It may corrode you when you take damage.
   Will:      It increases your willpower.
   Stlth:     It makes you more stealthy.
 y - a +4 ring of evasion (right hand)
 S - the ring of Eliewog {rElec rF+++ rC- Str+4 Dex+6}
   (You found it on level 2 of the Orcish Mines)

   [ring of dexterity]

   Str:       It affects your strength (+4).
   Dex:       It affects your dexterity (+6).
   rF:        It renders you almost immune to fire.
   rC:        It makes you vulnerable to cold.
   rElec:     It insulates you from electricity.
 V - a ring of willpower
Wands
 f - a wand of mindburst (31)
 B - a wand of charming (24)
 I - a wand of iceblast (9)
 K - a wand of flame (14)
 L - a wand of light (4)
 Q - a wand of digging (2)
Scrolls
 k - a scroll of blinking
 l - a scroll of butterflies
 n - 8 scrolls of teleportation
 o - 8 scrolls of magic mapping
 u - a scroll of brand weapon
 E - 4 scrolls of summoning
 P - a scroll of fear
Potions
 g - 3 potions of brilliance
 i - a potion of berserk rage
 t - 5 potions of haste
 D - 3 potions of might
 F - a potion of magic
 H - 7 potions of heal wounds
 O - 2 potions of resistance {unknown}
 T - 3 potions of invisibility {unknown}
 U - 9 potions of curing
 W - 3 potions of degeneration {unknown}
 Y - a potion of cancellation
 Z - 2 potions of flight {unknown}
Miscellaneous
 J - a condenser vane (inert)
 N - a tin of tremorstones (inert)


   Skills:
 + Level 15.1 Fighting
 - Level 18.0 Axes
 + Level 10.4 Throwing
 + Level 13.6 Armour
 + Level 7.1 Dodging
 - Level 1.5 Stealth
 + Level 5.1 Shields
 + Level 12.6 Invocations
 - Level 6.0 Evocations


You had 14 spell levels left.
You knew the following spells:

 Your Spells              Type           Power      Damage    Failure   Level
a - Apportation           Tloc           0%         N/A       99%         1

Your spell library contained the following spells:

 Spells                   Type           Power      Damage    Failure   Level
 Magic Dart               Conj           0%         1d3       99%         1
 Necrotise                Necr           0%         1d4       99%         1
 Sting                    Tmut/Pois      0%         1d3       99%         1
 Summon Small Mammal      Summ           0%         N/A       99%         1
 Poisonous Vapours        Pois/Air       0%         N/A       100%        2
 Searing Ray              Conj           0%         2d4       100%        2
 Static Discharge         Conj/Air       0%         2-2/arc   100%        2
 Call Canine Familiar     Summ           0%         N/A       100%        3
 Confusing Touch          Hex            0%         N/A       100%        3
 Dazzling Flash           Conj/Hex       0%         N/A       100%        3
 Portal Projectile        Hex/Tloc       0%         N/A       100%        3
 Summon Guardian Golem    Hex/Summ       0%         N/A       100%        3
 Vampiric Draining        Necr           0%         2d6       100%        3
 Airstrike                Air            0%         2d(0-16)  100%        4
 Anguish                  Hex/Necr       0%         N/A       100%        4
 Fulminant Prism          Conj/Hex       0%         3d6       100%        4
 Ice Form                 Ice/Tmut       0%         N/A       100%        4
 Leda's Liquefaction      Hex/Erth       0%         N/A       100%        4
 Olgreb's Toxic Radiance  Pois           0%         N/A       100%        4
 Summon Lightning Spire   Summ/Air       0%         N/A       100%        4
 Agony                    Necr           0%         N/A       100%        5
 Alistair's Intoxication  Tmut/Pois      0%         N/A       100%        5
 Arcjolt                  Conj/Air       0%         1d10      100%        5
 Blade Hands              Tmut           0%         N/A       100%        5
 Fireball                 Conj/Fire      0%         3d3       100%        5
 Irradiate                Conj/Tmut      0%         3d11      100%        5
 Iskenderun's Battlesphe  Conj           0%         2d6       100%        5
 Lee's Rapid Deconstruct  Erth           0%         3d5*      100%        5
 Lightning Bolt           Conj/Air       0%         1d11      100%        5
 Silence                  Hex/Air        0%         N/A       100%        5
 Yara's Violent Unravell  Hex/Tmut       0%         3d3       100%        5
 Conjure Ball Lightning   Conj/Air       0%         3x3d6     100%        6
 Iron Shot                Conj/Erth      0%         9d1       100%        6
 Dragon Form              Tmut           0%         N/A       100%        7
 Enfeeble                 Hex            0%         N/A       100%        7
 Orb of Destruction       Conj           0%         9d5       100%        7
 Maxwell's Capacitive Co  Air            0%         ∞         100%        8


Dungeon Overview and Level Annotations

Branches:
Dungeon (15/15)            Temple (1/1) D:7            Lair (5/5) D:10
  Swamp (2/4) Lair:3        Snake (0/4) Lair:2        Slime (0/5) Lair:5
    Orc (2/2) D:9             Elf (0/3) Orc:2        Vaults (0/5) D:13
 Depths (0/4) D:15          Sewer (visited)           IceCv (visited)
Gauntlet (visited)

Altars:
Ashenzari
Cheibriados
Dithmenos
Elyvilon
Fedhas
Gozag
Hepliaklqana
Kikubaaqudgha
Makhleb
Nemelex Xobeh
Okawaru
Qazlal
Ru
Sif Muna
Trog
Uskayaw
Vehumet
Wu Jian
Xom
Yredelemnul
Zin
The Shining One
Lugonu

Shops:
D:2 *   D:10 (   D:12 ?   D:15 (   Orc:2 *[[*!([*(

Portals:
Abyss: Lair:5


Message History

You slice the spriggan berserker!! You freeze the spriggan berserker.
The spriggan berserker is severely wounded.
You barely miss the elephant.
The elephant is engulfed in blazing flames.
The elephant barely misses you. x2
The spriggan berserker is engulfed in blazing flames.
The spriggan berserker barely misses you.
You miss the spriggan berserker.
The spriggan berserker is severely wounded.
You hit the elephant but do no damage.
The elephant is engulfed in blazing flames.
You kill the elephant!
The elephant's corpse disappears in a puff of smoke!
The spriggan berserker is engulfed in blazing flames.
The spriggan berserker hits you with a +0 war axe!!
* * * LOW HITPOINT WARNING * * *
Press: ? - help, v - describe, . - travel
Here: a spriggan berserker, wielding a +0 war axe and wearing +0 swamp dragon scales (flame, severely wounded, berserk, regenerating, strong-willed)
The floor, spattered with blood.
Unknown command.
Blink to where?
Press: ? - help, Dir - move target
As you read the scroll of blinking, it crumbles to dust.
The spriggan berserker is engulfed in blazing flames.
Throw: 7 boomerangs
Press: ? - help, Q - select action, (/) - cycle Shift-Dir - straight line, f - spriggan berserker
Aim: a spriggan berserker, wielding a +0 war axe and wearing +0 swamp dragon scales (translocational energy, severely wounded, berserk, regenerating, strong-willed, 51% to hit)
You throw a boomerang.
The boomerang completely misses the spriggan berserker.
The spriggan berserker is engulfed in blazing flames.
You closely miss the spriggan berserker.
The spriggan berserker is almost dead.
The spriggan berserker is engulfed in blazing flames.
The spriggan berserker hits you but does no damage.
Unknown command.
You barely miss the spriggan berserker.
The spriggan berserker is almost dead.
The spriggan berserker is engulfed in blazing flames.
The spriggan berserker hits you with a +0 war axe!!
You die...

♣♣♣♣♣♣♣♣♣
♣♣♣~.§§)§§♣* ***
♣♣~..@i§#).~#**,*
♣~..♣####)..#*~,*
♣♣..##~.#...#,,**
♣.))#.>.#~.§#~>,*
♣..♣#[.##..##*~,*
♣..#)[##,...~**,**
♣....~♣*,...,*,,,*
♣.....♣*,,,,,*,~***
♣♣♣#♣.♣*,,,,,***~,*
*


You could see a spriggan berserker (berserk, regenerating, strong-willed).

Vanquished Creatures
  Gastronok (D:8)
  2 reapers (IceCv)
  Nessos (D:12)
  An eleionoma (Swamp:1)
  A minotaur (Gauntlet)
  Fannar (D:11)
  Harold (D:9)
  A spriggan air mage (Swamp:1)
  4 vault guards (D:13)
  3 centaur warriors
  4 hydras
  A ghost crab (Swamp:2)
  2 death yaks (Lair:5)
  2 two-headed ogres
  7 alligators
  The ghost of SirDiesAlot the Markself, a journeyman DECj of Vehumet (D:11)
  A tengu warrior (D:13)
  A hell hog (Gauntlet)
  An orc high priest (Orc:2)
  A spriggan berserker (Swamp:1)
  A goliath frog (Swamp:1)
  2 spriggan druids (Swamp:1)
  An obsidian statue (IceCv)
  2 spriggan simulacra (IceCv)
  4 bog bodies
  An orc knight (Orc:2)
  5 ugly things
  A necromancer (Gauntlet)
  An orc sorcerer (Orc:2)
  A manticore (D:15)
  An oklob plant (Gauntlet)
  A will-o-the-wisp (Swamp:2)
  8 cyclopes
  7 elephants
  A black mamba (Lair:5)
  Maurice (D:8)
  Joseph (D:7)
  A torpor snail (Lair:1)
  A gargoyle (D:12)
  Maggie (D:6)
  A smoke demon (Lair:5)
  5 cane toads
  3 yaktaurs (D:15)
  3 kobold demonologists
  An ancient zyme (Lair:5)
  An anaconda simulacrum (IceCv)
  5 komodo dragons
  6 freezing wraiths (IceCv)
  3 ice devils (IceCv)
  3 polar bears
  5 trolls
  2 tyrant leeches
  4 hornets (Swamp:1)
  Grinder (D:6)
  15 blink frogs
  8 slime creatures
  A shadow (D:10)
  9 spriggans
  A vampire (D:12)
  2 ynoxinuls
  4 wraiths
  51 yaks
  4 wyverns
  2 fire bats (Gauntlet)
  2 neqoxecs (Orc:2)
  3 steam dragons
  12 vampire mosquitoes
  3 wargs
  3 minotaur simulacra (IceCv)
  A chaos spawn (Lair:5)
  4 harpy simulacra (IceCv)
  2 large abominations (Lair:5)
  5 swamp worms
  Edmund (D:6)
  5 acid dragons
  12 water moccasins
  3 hell hounds
  Duvessa (D:6)
  A hydra simulacrum (IceCv)
  6 orc warriors
  An ettin simulacrum (IceCv)
  An alligator simulacrum (IceCv)
  5 black bears
  4 ogres
  17 wolves
  5 centaurs
  2 phantoms
  5 kobold brigands
  14 bullfrogs
  3 necrophages
  3 deep troll simulacra (IceCv)
  A gnoll sergeant (D:10)
  4 scorpions
  8 wights
  5 small abominations (Lair:5)
  Dowan (D:6)
  2 howler monkeys
  An electric eel (Lair:3)
  6 crimson imps (D:13)
  A gnoll bouda (D:4)
  3 orc priests
  3 iguanas
  Natasha (D:2)
  Terence (D:2)
  10 orc wizards
  3 adders
  10 gnolls
  3 white imps
  An ufetubus (D:4)
  4 worms
  4 dart slugs
  22 orcs
  11 bats
  8 endoplasms
  2 giant cockroaches
  7 goblins
  8 hobgoblins
  10 jackals
  4 quokkas
  2 ball pythons
  5 frilled lizards
  20 kobolds
  2 rats (D:3)
516 creatures vanquished.

Vanquished Creatures (collateral kills)
  Jorgrun (D:13)
  The ghost of snackwell the Slicer, a journeyman GnWn of Fedhas (Orc:2)
  A dire elephant (D:15)
  Josephine (Orc:2)
  4 vault guards (D:13)
  2 hydras
  A centaur warrior (D:14)
  A death yak (Lair:5)
  2 death knights
  3 thrashing horrors (Lair:5)
  A lindwurm (Lair:4)
  A phantasmal warrior (D:15)
  An orc knight (Orc:2)
  4 ugly things
  2 orc sorcerers
  A large abomination (Lair:5)
  A manticore (D:15)
  A wolf spider (D:15)
  A naga mage (D:15)
  A black mamba (Lair:5)
  3 elephants (Lair:4)
  A smoke demon (Lair:5)
  A rime drake (Lair:3)
  2 cane toads
  2 yaktaurs (D:15)
  A tengu conjurer (D:13)
  3 komodo dragons
  3 freezing wraiths
  A troll (shapeshifter) (D:13)
  4 polar bears
  A queen bee (shapeshifter) (D:15)
  2 ancient zymes (Lair:5)
  2 slime creatures (D:15)
  9 blink frogs
  3 small abominations (Lair:5)
  5 wraiths
  A spriggan (Lair:5)
  8 yaks
  4 basilisks (Lair:5)
  2 chaos spawn (Lair:5)
  2 neqoxecs (Orc:2)
  A warg (Orc:2)
  8 water moccasins
  5 orc warriors
  2 bullfrogs
  A deep troll simulacrum (IceCv)
  2 crimson imps (D:13)
  2 hounds (D:6)
  3 quasits (Orc:2)
  An orc priest (Orc:2)
  9 orcs
125 creatures vanquished.

Vanquished Creatures (others)
  3 orc high priests
  A wizard (D:15)
  3 orc knights
  4 orc sorcerers
  A blink frog (Lair:5)
  2 swamp worms (Swamp:2)
  9 orc warriors
  A wight (D:6)
  11 orc priests
  7 orc wizards
  17 orcs
  14 demonic plants (Gauntlet)
  2 foxfires (Swamp:2)
  52 fungi
  55 plants
182 creatures vanquished.

Grand Total: 823 creatures vanquished

Notes
Turn   | Place    | Note
-------+----------+-------------------------------------------
     0 | D:1      | scionoferis the Hill Orc Monk began the quest for the Orb.
     0 | D:1      | Reached XP level 1. HP: 19/19 MP: 1/1
    70 | D:1      | Found a faded altar of an unknown god.
    72 | D:1      | Noticed a golden eye
    72 | D:1      | Noticed a floating eye
    73 | D:1      | Noticed a floating eye
    73 | D:1      | Noticed a floating eye
   307 | D:1      | Reached XP level 2. HP: 27/27 MP: 2/2
   825 | D:1      | Reached skill level 5 in Axes
   908 | D:1      | Reached XP level 3. HP: 30/33 MP: 3/3
  1176 | D:2      | Noticed Terence
  1191 | D:2      | Killed Terence
  1406 | D:2      | Reached XP level 4. HP: 41/41 MP: 4/4
  1515 | D:2      | Reached skill level 1 in Armour
  1955 | D:2      | Noticed Natasha
  1962 | D:2      | Killed Natasha
  1963 | D:2      | Reached skill level 6 in Axes
  1963 | D:2      | Reached XP level 5. HP: 36/47 MP: 5/5
  2035 | D:2      | Found Luunemm's General Store.
  2038 | D:2      | Bought a scroll of teleportation for 42 gold pieces
  2632 | D:3      | Found a shimmering blue altar of Sif Muna.
  2671 | D:3      | Found a glowing drain.
  2675 | Sewer    | Entered a sewer
  2715 | Sewer    | Noticed a water moccasin
  2731 | Sewer    | Killed a water moccasin
  2732 | Sewer    | Reached skill level 5 in Fighting
  2732 | Sewer    | Reached skill level 7 in Axes
  2732 | Sewer    | Reached XP level 6. HP: 29/56 MP: 6/6
  3079 | D:3      | Found a shadowy altar of Dithmenos.
  3710 | D:4      | Noticed a black bear
  3716 | D:4      | Killed a black bear
  3843 | D:4      | Reached skill level 8 in Axes
  3843 | D:4      | Reached XP level 7. HP: 57/62 MP: 7/7
  3989 | D:4      | Found a broken altar of Ashenzari.
  4398 | D:5      | Entered Level 5 of the Dungeon
  5119 | D:5      | Reached skill level 9 in Axes
  5439 | D:6      | Noticed Grinder
  5449 | D:5      | Reached XP level 8. HP: 55/71 MP: 6/8
  5569 | D:6      | Noticed Maggie
  5578 | D:6      | Reached skill level 10 in Axes
  5708 | D:6      | Killed Maggie
  5709 | D:6      | Reached skill level 5 in Armour
  5881 | D:6      | Paralysed by Grinder for 3 turns
  5891 | D:6      | Paralysed by Grinder for 5 turns
  5905 | D:6      | Killed Grinder
  5906 | D:6      | Reached skill level 11 in Axes
  5906 | D:6      | Reached XP level 9. HP: 35/80 MP: 4/9
  6196 | D:6      | Found a white marble altar of Elyvilon.
  6226 | D:6      | Noticed Dowan
  6229 | D:6      | Found an iron altar of Okawaru.
  6237 | D:6      | Noticed Duvessa
  6243 | D:6      | Killed Duvessa
  6251 | D:6      | Killed Dowan
  6395 | D:6      | Reached skill level 1 in Throwing
  6398 | D:6      | Learned a level 1 spell: Apportation
  6438 | D:6      | Found an ancient bone altar of Kikubaaqudgha.
  6444 | D:6      | Noticed Edmund
  6452 | D:6      | Killed Edmund
  6491 | D:6      | Reached skill level 12 in Axes
  6655 | D:6      | Identified the +2 pair of gloves "Uqyul" {Str+2}
  6889 | D:7      | Reached skill level 1 in Evocations
  6895 | D:7      | Found a staircase to the Ecumenical Temple.
  6923 | Temple   | Entered the Ecumenical Temple
  7082 | D:7      | Noticed Joseph
  7109 | D:7      | Killed Joseph
  7129 | D:7      | Found a hazy altar of Hepliaklqana.
  7370 | D:7      | Found a glowing silver altar of Zin.
  7473 | D:7      | Reached XP level 10. HP: 87/90 MP: 10/10
  7765 | D:8      | Reached skill level 13 in Axes
  7787 | D:8      | Noticed Gastronok
  7787 | D:8      | Noticed Maurice
  7806 | D:8      | Killed Maurice
  7821 | D:8      | Killed Gastronok
  8191 | D:8      | Reached skill level 14 in Axes
  8429 | D:8      | Found an ornate altar of the Wu Jian Council.
  8800 | D:9      | Reached XP level 11. HP: 99/99 MP: 11/11
  9043 | D:9      | Noticed Harold
  9057 | D:9      | Killed Harold
  9058 | D:9      | Reached skill level 10 in Fighting
  9216 | D:9      | Found a basalt altar of Yredelemnul.
  9222 | D:9      | Found a shimmering altar of Xom.
  9227 | D:9      | Found a hide-covered altar of Uskayaw.
  9476 | D:9      | Found a staircase to the Orcish Mines.
  9534 | Orc:1    | Entered Level 1 of the Orcish Mines
  9535 | Orc:1    | Became a worshipper of Beogh the Brigand
  9535 | Orc:1    | Reached * piety under Beogh
  9535 | Orc:1    | Reached ** piety under Beogh
  9543 | D:10     | Entered Level 10 of the Dungeon
  9543 | D:10     | Noticed a two-headed ogre
  9543 | D:10     | Found Tuugry's Weapon Boutique.
  9719 | D:10     | Killed a two-headed ogre
  9839 | D:10     | Reached skill level 15 in Axes
  9839 | D:10     | Noticed a sixfirhy
  9842 | D:10     | Noticed a sixfirhy
  9846 | D:10     | Reached skill level 5 in Evocations
  9868 | D:10     | Reached skill level 5 in Throwing
 10115 | D:10     | Reached skill level 1 in Invocations
 10147 | D:10     | Reached *** piety under Beogh
 10182 | D:10     | Found a staircase to the Lair.
 10375 | D:11     | Noticed SirDiesAlot's ghost (journeyman DECj)
 10458 | D:11     | Noticed a cyclops
 10469 | D:11     | Killed a cyclops
 10546 | D:11     | Found a runed translucent door.
 10577 | D:11     | Reached XP level 12. HP: 108/108 MP: 13/13
 10786 | D:11     | Noticed Fannar
 10813 | D:11     | Killed Fannar
 11112 | D:11     | Killed SirDiesAlot's ghost
 11126 | D:11     | Got the Handbook of the Caves
 11220 | D:12     | Noticed Nessos
 11651 | D:12     | Reached skill level 16 in Axes
 11872 | D:12     | Killed Nessos
 11873 | D:12     | Reached skill level 5 in Invocations
 12128 | D:12     | Found Xafarat's Magic Scroll Emporium.
 12170 | D:12     | Noticed a two-headed ogre
 12176 | D:12     | Killed a two-headed ogre
 12417 | Lair:1   | Entered Level 1 of the Lair of Beasts
 12444 | Lair:1   | Reached skill level 10 in Armour
 12457 | Lair:1   | Reached **** piety under Beogh
 12671 | Lair:1   | Reached XP level 13. HP: 114/118 MP: 17/17
 12859 | Lair:1   | Found a gate leading to a gauntlet.
 12869 | Gauntlet | Entered a Gauntlet
 12869 | Gauntlet | Found a transporter.
 12878 | Gauntlet | Found a transporter.
 12880 | Gauntlet | Found a transporter.
 12891 | Gauntlet | Found a transporter.
 12905 | Gauntlet | Found a transporter.
 12910 | Gauntlet | Found a transporter.
 12926 | Gauntlet | Found a transporter.
 12945 | Gauntlet | Found a transporter.
 12957 | Gauntlet | Found a transporter.
 12969 | Gauntlet | Found a transporter.
 12977 | Gauntlet | Noticed a green death
 12981 | Gauntlet | Found a transporter.
 12993 | Gauntlet | Found a transporter.
 13010 | Gauntlet | Found a transporter.
 13028 | Gauntlet | Found a transporter.
 13030 | Gauntlet | Found a transporter.
 13057 | Gauntlet | Found a transporter.
 13137 | Gauntlet | Found a transporter.
 13165 | Gauntlet | Found a transporter.
 13738 | Gauntlet | Identified a scroll of acquirement
 13739 | Gauntlet | Acquired the +14 plate armour of Awafav {Fly}
 14315 | Gauntlet | Identified the ring "Puyracw" {*Corrode rF+ rC++ Will+
                  | Stlth+}
 14362 | Gauntlet | Noticed a minotaur
 14377 | Gauntlet | Killed a minotaur
 14383 | Gauntlet | Identified the -2 helmet "Furaef" {rC+ Dex+6}
 14947 | Lair:2   | Reached skill level 17 in Axes
 15124 | Lair:2   | Found a staircase to the Snake Pit.
 15137 | Lair:2   | Reached ***** piety under Beogh
 16018 | Lair:3   | Found a shimmering altar of Xom.
 16164 | Lair:3   | Found a staircase to the Swamp.
 17352 | Lair:4   | Reached XP level 14. HP: 127/129 MP: 20/20
 17363 | Lair:4   | Identified the +8 spear "Giantbane" {chaos, rElec SInv}
 17808 | Lair:5   | Entered Level 5 of the Lair of Beasts
 18325 | Lair:5   | Gained Bogric as an ally
 18634 | Lair:5   | Gained Thorok as an ally
 18658 | Lair:5   | Reached ****** piety under Beogh
 18662 | Lair:5   | Your ally Bogric died
 18714 | Lair:5   | Gained Olfik as an ally
 18848 | Lair:5   | Found a one-way gate to the infinite horrors of the Abyss.
 18855 | Lair:5   | Reached skill level 18 in Axes
 18859 | Lair:5   | Found a corrupted altar of Lugonu.
 18860 | Lair:5   | Reached skill level 10 in Invocations
 18870 | Lair:5   | Identified the +4 short sword of Objectivity {vamp, rC+
                  | Str+8 Dex-2} (You took it off a spriggan on level 5 of the
                  | Lair of Beasts)
 19195 | Lair:5   | Found a staircase to the Slime Pits.
 19684 | Orc:1    | Reached skill level 5 in Dodging
 20114 | Orc:2    | Entered Level 2 of the Orcish Mines
 20116 | Orc:2    | Found Koener's Antique Armour Emporium.
 20170 | Orc:2    | Found Bil Kaz's Assorted Antiques.
 20177 | Orc:2    | Found a staircase to the Elven Halls.
 20187 | Orc:2    | Found Tiucapn's Weapon Emporium.
 20343 | Orc:2    | Found Vyapyirr's Armour Boutique.
 20518 | Orc:2    | Found Unuqogur's Antique Weapon Emporium.
 20525 | Orc:2    | Bought a glowing glaive for 275 gold pieces
 20525 | Orc:2    | Found Detzic's Distillery.
 20527 | Orc:2    | Found Oshosh's General Store.
 20588 | Orc:2    | Found a transporter.
 20594 | Orc:2    | Noticed Josephine
 20598 | Orc:2    | Noticed snackwell's ghost (journeyman GnWn)
 20606 | Orc:2    | Killed Josephine
 20669 | Orc:2    | Found Xayng's Armour Shop.
 20675 | Orc:2    | Found Ymaakun's Assorted Antiques.
 20677 | Orc:2    | Bought a +1 helmet of see invisible for 247 gold pieces
 20694 | Orc:2    | Bought a tapered fluorescent wand for 96 gold pieces
 20889 | Orc:2    | Found a transporter.
 21088 | Orc:2    | Killed snackwell's ghost
 21172 | Orc:2    | Got the ring of Eliewog {rElec rF+++ rC- Str+4 Dex+6}
 21568 | D:13     | Noticed Jorgrun
 21585 | D:13     | Killed Jorgrun
 21632 | D:13     | Found a gate to the Vaults.
 21651 | D:13     | Reached XP level 15. HP: 127/138 MP: 23/23
 22365 | D:13     | Identified Divvu's Parchment of Necromancy and Variation
 22770 | D:14     | Reached skill level 1 in Shields
 23706 | D:15     | Entered Level 15 of the Dungeon
 24022 | D:15     | Gained Murdo as an ally
 24229 | D:15     | Your ally Thorok died
 24241 | D:15     | Found a staircase to the Depths.
 24294 | D:15     | Your ally Murdo died
 24666 | D:15     | Found Mitaor's Weapon Boutique.
 25020 | Swamp:1  | Entered Level 1 of the Swamp
 25051 | Swamp:1  | Found a frozen archway.
 25104 | IceCv    | Entered an ice cave
 25194 | IceCv    | Reached skill level 10 in Throwing
 25400 | IceCv    | Identified the +1 hat of Baldness {rElec rCorr}
 25453 | IceCv    | Gained Wargath as an ally
 25459 | IceCv    | Your ally Wargath died
 25613 | IceCv    | Reached skill level 15 in Fighting
 26171 | Lair:3   | Reached XP level 16. HP: 99/149 MP: 25/25
 26339 | Swamp:1  | You are sucked into a shaft and drop 1 floor!
 26445 | Swamp:2  | Identified the +0 robe of Jietech {Fly}
 26543 | Swamp:2  | HP: 7/149 [poisoned by a spriggan rider]
 26548 | Swamp:2  | HP: 7/149 [poisoned by a spriggan rider]
 26687 | Swamp:1  | Reached skill level 5 in Shields
 26754 | Swamp:1  | Slain by a spriggan berserker

Illustrated notes

Levels and vault maps discovered:
D:1:      sevenhm_arrival_forest_fort_small_5, layout_loops_ring,
          hellmonk_ecumenical_altar_watching_god, hex_medium
D:2:      minmay_inner_zag, layout_basic, serial_shops,
          nicolae_shop_behind_doors, kennysheep_potato, uniq_terence,
          uniq_natasha
D:3:      layout_loops_cross, mainiacjoe_overflow_two_lobes,
          portal_sewer_entry_e, nicolae_titane
D:4:      nicolae_cairo_tiling_large, layout_rooms, nicolae_ashenzari_skybound
D:5:      layout_basic, dreamdust_mushroom_princess, palyth_stone_intersect,
          mrwooster_statue_mirror
D:6:      layout_loops_cross, kiku_gazebo_garden_becter, lemuel_crystal_altar,
          okawaru_metal_pillars_1_2, uniq_duvessa, uniq_grinder, uniq_maggie,
          uniq_edmund
D:7:      layout_loops_cross, zin_statuary,
          mainiacjoe_overflow_concentric_impassable, minmay_temple_entry_ruins,
          uniq_joseph
D:8:      layout_loops_ring, nicolae_wu_jian_immortal_techniques,
          uniq_gastronok, uniq_maurice
D:9:      layout_roguey, minmay_overflow_temple_star_quad, orc_0_dummy,
          uniq_harold
D:10:     layout_cave_pools, grunt_lair_entry_orc_guard_hut,
          nicolae_stop_n_shop_2
D:11:     layout_cave_pods, hellmonk_ghost_big_iron, uniq_fannar
D:12:     layout_roguey, serial_shops, kennysheep_little_box, uniq_nessos
D:13:     layout_roguey, erik_vaults_2, minmay_nine_imps, uniq_jorgrun
D:14:     layout_loops_corners, minmay_misc_feat_rows,
          nicolae_elevator_lobby_plus
D:15:     hangedman_depths_entry_try_elsewhere_first, layout_loops_corners,
          hangedman_decor_opposing, serial_shops, nicolae_shop_hallway_plus,
          hangedman_abyss_or_decor_lesser_grid
Temple:   nicolae_temple_ecumenical_triangle
Lair:1:   layout_chaotic_city, enter_volcano_3, gauntlet_entry_generic,
          serial_bayou_shore_a, grunt_megastairs_1
Lair:2:   layout_layer_cave, dummy_snake_entry
Lair:3:   layout_chaotic_city, swamp_mist_pool, basic_altar, grunt_megastairs_2
Lair:4:   layout_cave_pods, beast_lair_carwin_1
Lair:5:   hellmonk_lair_end_abyssal_woods, layout_cave_shapes, slime_entry_1,
          nicolae_lair_lil_pond
Swamp:1:  nicolae_swamp_secret_spriggan_hideout, layout_basic_swamp,
          portal_ice_cave_entry_pillars_three, nicolae_swamp_tree_isthmus
Swamp:2:  layout_basic_swamp, nicolae_swamp_bean_lake, infiniplex_staircase_pool
Orc:1:    layout_caves
Orc:2:    st_orc_elflike, layout_caves, gammafunk_ghost_stat_death,
          serial_shops, nicolae_square_shop, nicolae_square_shop,
          nicolae_shop_waterfront, nicolae_shop_advertising_works
          [nicolae_subvault_shop_adworks], shop, uniq_josephine

Skill      XL: |  1  2  3  4  5  6  7  8  9 10 11 12 13 14 15 16 |
---------------+-------------------------------------------------+-----
Fighting       | 4 5 6 7 8 9 10 12 13 14 15 | 15.1
Axes           | 5 6 7 8 9 11 12 14 15 16 17 18 | 18.0
Armour         | 1 2 3 4 5 6 7 9 10 11 12 13 | 13.6
Throwing       | 2 4 5 6 8 9 10 | 10.4
Evocations     | 2 4 5 6 |  6.0
Invocations    | 2 6 8 10 12 | 12.6
Dodging        | 3 5 6 7 |  7.1
Shields        | 4 5 |  5.1
Stealth        | |  1.5

Action                   |  1- 3 |  4- 6 |  7- 9 | 10-12 | 13-15 | 16-18 || total
-------------------------+-------+-------+-------+-------+-------+-------++-------
Melee: Hand axe          |    91 |    41 |       |       |       |       ||   132
       Punch             |     1 |     1 |    10 |     9 |     8 |       ||    29
       War axe           |       |   146 |   251 |   536 |  1045 |   141 ||  2119
       Demon trident     |       |       |       |       |     9 |       ||     9
       Flail             |       |       |       |       |     3 |       ||     3
Throw: Stone             |     4 |       |       |       |       |       ||     4
       Javelin           |       |     2 |     3 |       |       |       ||     5
       Dart              |       |     1 |    14 |    14 |       |       ||    29
       Throwing net      |       |       |       |     1 |       |       ||     1
       Boomerang         |       |       |       |       |    22 |     1 ||    23
Invok: Convert to Beogh  |       |       |       |     1 |       |       ||     1
       Recall Orcish Fol |       |       |       |       |     7 |       ||     7
       Smiting           |       |       |       |       |    10 |       ||    10
       Give Item to Name |       |       |       |       |     3 |       ||     3
Evoke: Wand              |       |       |     3 |     4 |     1 |     1 ||     9
       Condenser vane    |       |       |       |       |     1 |     1 ||     2
       Tin of tremorston |       |       |       |       |       |     2 ||     2
  Use: Potion            |     1 |     2 |     1 |       |     1 |       ||     5
       Scroll            |     3 |     4 |     3 |     4 |    10 |     2 ||    26
 Stab: Invisible         |       |       |       |     1 |     3 |       ||     4
       Distracted        |       |       |       |       |    10 |       ||    10
       Paralysed         |       |       |       |       |     2 |       ||     2
Armor: Robe              |    13 |       |       |       |       |       ||    13
       Chain mail        |     9 |   139 |    97 |   246 |    25 |       ||   516
       Skin              |       |     6 |       |       |       |       ||     6
       Plate armour      |       |       |       |       |   626 |    83 ||   709
Dodge: Dodged            |    41 |    72 |   123 |   292 |   514 |    66 ||  1108
Block: Buckler           |       |       |       |       |    58 |    32 ||    90

Table legend: (Time is in decaauts)
 A = Elapsed time spent in this place.
 B = Non-inter-level travel time spent in this place.
 C = Inter-level travel time spent in this place.
 D = Time resting spent in this place.
 E = Time spent auto-exploring this place.
 F = Levels seen in this place.
 G = Mean time per level.
                   A        B        C        D        E       F      G
               +--------+--------+--------+--------+--------+-----+--------+
         Total |  26386 |  24594 |   1792 |   1146 |  15793 |  28 |  942.4 |
       Dungeon |  15713 |  14548 |   1165 |    560 |  10270 |  15 | 1047.5 |
        Temple |     48 |     42 |      6 |      0 |     31 |   1 |   48.0 |
          Lair |   5649 |   5147 |    502 |     42 |   3692 |   5 | 1129.8 |
         Swamp |    857 |    837 |     20 |    152 |    267 |   2 |  428.5 |
  Orcish Mines |   1635 |   1536 |     99 |     60 |   1094 |   2 |  817.5 |
         Sewer |    336 |    336 |      0 |    225 |      0 |   1 |  336.0 |
      Ice Cave |    612 |    612 |      0 |      4 |    106 |   1 |  612.0 |
      Gauntlet |   1533 |   1533 |      0 |    103 |    332 |   1 | 1533.0 |
               +--------+--------+--------+--------+--------+-----+--------+

Top non-repeatable levels by time:
Gauntlet: 1533 daAuts
  Lair:5: 1496 daAuts
     D:6: 1396 daAuts
    D:12: 1201 daAuts
    D:11: 1191 daAuts
    D:14: 1163 daAuts
     D:1: 1142 daAuts
  Lair:2: 1127 daAuts
    D:15: 1112 daAuts
     D:8: 1084 daAuts
     D:5: 1083 daAuts
     D:4: 1045 daAuts
   Orc:2: 1031 daAuts
  Lair:3: 1031 daAuts
  Lair:1: 1026 daAuts
